 Dungeon Crawl Stone Soup version 0.30-a0-137-gd8773701ce (webtiles) character file.

Game seed: 3545499697657396261

1169 LnG the Sneak (level 8, -2/43 (44) HPs)
             Began as a Kobold Summoner on Sept 21, 2022.
             Was an Initiate of Yredelemnul.
             Slain by a sky beast (6 damage)
             ... on level 6 of the Dungeon.
             The game lasted 00:25:10 (6348 turns).

LnG the Sneak (Kobold Summoner)                     Turns: 6348, Time: 00:25:10

HP:   -2/43 (44)    AC:  3    Str:  5    XL:     8   Next: 68%
MP:   6/15          EV: 15    Int: 19    God:    Yredelemnul [......]
Gold: 260           SH:  0    Dex: 15    Spells: 3/16 levels left

rFire   . . .      SeeInvis .    e - +6 dagger
rCold   . . .      Faith    .    (no shield)
rNeg    . . .      Spirit   .    a - +0 robe
rPois   .          Reflect  .    (no helmet)
rElec   .          Harm     .    (no cloak)
rCorr   .          Rampage  .    (no gloves)
Will    .....                    k - +0 pair of boots
Stlth   +++++.....               (no amulet)
HPRegen 0.14/turn                (no ring)
MPRegen 0.14/turn                (no ring)

@: lightly drained
A: small, no large weapons, nightstalker 3
a: Renounce Religion, Recall Undead Harvest


You were on level 6 of the Dungeon.
You worshipped Yredelemnul.
Yredelemnul was noncommittal.
You visited 1 branch of the dungeon, and saw 6 of its levels.

You collected 286 gold pieces.
You spent 26 gold pieces at shops.

Inventory:

Hand Weapons
 e - a +6 dagger (weapon)
Armour
 a - a +0 robe (worn)
 k - a +0 pair of boots (worn)
Wands
 j - a wand of roots (8)
Scrolls
 f - 2 scrolls of teleportation
 g - 2 scrolls of identify
 l - 2 scrolls of immolation
 o - a scroll of poison {unknown}
 p - a scroll of enchant weapon
Potions
 b - a potion of magic
 c - a potion of haste {unknown}
 d - 2 potions of might
 h - 3 potions of lignification
 i - 3 potions of curing {unknown}
 m - 2 potions of mutation {unknown}
 n - a potion of cancellation {unknown}


   Skills:
 + Level 1.9 Fighting
 + Level 4.8 Short Blades
 + Level 3.8 Dodging
 + Level 7.7 Stealth
 + Level 4.8 Spellcasting
 + Level 6.3 Summonings


You had 3 spell levels left.
You knew the following spells:

 Your Spells              Type           Power      Damage    Failure   Level
a - Summon Small Mammal   Summ           100%       N/A       1%          1
b - Call Imp              Summ           28%        N/A       1%          2
c - Call Canine Familiar  Summ           28%        N/A       2%          3
d - Summon Guardian Gole  Hex/Summ       16%        N/A       11%         3
e - Summon Lightning Spi  Summ/Air       16%        N/A       34%         4

Your spell library contained the following spells:

 Spells                   Type           Power      Damage    Failure   Level
 Freeze                   Ice            16%        1d4       13%         1
 Dazzling Flash           Conj/Hex       8%         N/A       36%         3
 Frozen Ramparts          Ice            8%         1d2       36%         3
 Ignite Poison            Fire/Tmut/Pois 4%         N/A       36%         3
 Mephitic Cloud           Conj/Pois/Air  4%         N/A       36%         3
 Stone Arrow              Conj/Erth      8%         3d7       36%         3
 Animate Armour           Summ/Erth      32%        N/A       34%         4
 Hailstorm                Conj/Ice       4%         3d4       77%         4
 Iskenderun's Mystic Bla  Conj/Tloc      4%         2d3       77%         4
 Freezing Cloud           Conj/Ice/Air   2%         6-21      98%         5
 Starburst                Conj/Fire      2%         6d3       100%        6
 Lehudib's Crystal Spear  Conj/Erth      2%         10d2      100%        8


Dungeon Overview and Level Annotations

Branches:
Dungeon (6/15)
 Temple: D:4-7

Altars:
Cheibriados
Kikubaaqudgha
Okawaru
Yredelemnul
The Shining One

Shops:
D:2 *   D:5 :

Annotations:
D:5 2 transporters, beryleye's ghost, novice MiFi


Innate Abilities, Weirdness & Mutations

You are small and have problems with some larger weapons.
You are completely attuned to the shadows.


Message History

You hit the sky beast but do no damage. The sky beast closely misses you.
Your hound closely misses the sky beast.
You miss the sky beast.
Your hound bites the sky beast but does no damage.
The sky beast closely misses you.
You miss the sky beast.
Your hound bites the sky beast.
You miss the sky beast.
The sky beast is lightly wounded.
Your hound misses the sky beast. The sky beast barely misses you.
You barely miss the sky beast.
Your hound closely misses the sky beast.
The sky beast flickers out of sight!
Deactivating autopickup; reactivate with Ctrl-A.
Something barely misses you.
You barely miss something.
Your hound barely misses something.
Something hits you. Something shocks you.
Your hound bites something.
Your magical contamination has completely faded away.
You hit something.
Your hound barely misses something.
You puncture something! Something hits you. Something shocks you.
Your hound bites something.
You hit something. Something hits you. Something shocks you.
Your hound barely misses something.
You hit something.
Your hound closely misses something.
Something hits you but does no damage.
You closely miss something.
Your hound closely misses something.
Something hits you. Something shocks you.
Casting: Call Canine Familiar (dangerous; 2% risk of failure)
Confirm with . or Enter, or press ? or * to list all spells.
A guardian golem appears, shielding your allies.
Your hound bites something but does no damage.
Your hound bites something.
Something barely misses your hound.
You hit something.
Your hound closely misses something.
You hit something. Something hits you. Something shocks you.
* * * LOW HITPOINT WARNING * * *
Your hound bites something.
Your hound bites something.
Something hits you.
* * * LOW HITPOINT WARNING * * *
Something shocks you.
You die...
Your body rises from the dead as a mindless zombie.

#.# #.##.#.# #...#
#.##.#.# #...# #
#.##.#.# #...#
##.#.##.#.#####...#
.....9{.......'...+
...#..h@...####...#
.# ####.#..# #...#
...#..# #...####
####..######.....
......<...#.####
###..#.##.#.#
#..#.##.#.#
#..#.##.#.#
#..#......#


You could see a friendly guardian golem (summoned) and a friendly hound
(summoned, sheltered).

Vanquished Creatures
  An ogre (D:5)
  3 scorpions
  A necrophage (D:5)
  2 jellies
  2 hounds
  An orc priest (D:5)
  An iguana (D:4)
  3 orc wizards
  3 adders
  2 worms
  4 dart slugs
  11 orcs
  4 ball pythons
  7 endoplasms
  4 giant cockroaches
  8 goblins
  A hobgoblin (D:1)
  4 jackals
  3 quokkas
  7 bats
  2 frilled lizards (D:1)
  10 kobolds
  2 rats (D:2)
86 creatures vanquished.

Vanquished Creatures (collateral kills)
  Sigmund (D:2)
  An ice beast (D:5)
  Blork the orc (D:4)
  An orc priest (D:4)
  A jelly (D:2)
  An orc wizard (D:5)
  2 adders
  A worm (D:2)
  9 orcs
  3 bats
  8 endoplasms (D:2)
  A goblin (D:1)
  2 hobgoblins (D:1)
  2 jackals
  3 quokkas (D:1)
  3 ball pythons
  3 frilled lizards (D:1)
  6 kobolds
  A rat (D:1)
50 creatures vanquished.

Vanquished Creatures (others)
  A scorpion zombie (D:5)
  A fungus (D:2)
  7 plants (D:5)
  6 toadstools (D:2)
15 creatures vanquished.

Grand Total: 151 creatures vanquished

Notes
Turn   | Place    | Note
-------+----------+-------------------------------------------
     0 | D:1      | LnG the Kobold Summoner began the quest for the Orb.
     0 | D:1      | Reached XP level 1. HP: 10/10 MP: 3/3
   126 | D:1      | Reached XP level 2. HP: 11/15 MP: 1/5
   129 | D:1      | Learned a level 2 spell: Call Imp
   661 | D:1      | Reached XP level 3. HP: 19/19 MP: 6/6
  1357 | D:2      | Learned a level 3 spell: Call Canine Familiar
  1359 | D:2      | Found Sufeim's General Store.
  1362 | D:2      | Bought a scroll of identify for 26 gold pieces
  1404 | D:2      | Noticed Sigmund
  1415 | D:2      | Killed Sigmund
  1416 | D:2      | Reached skill level 1 in Short Blades
  1416 | D:2      | Reached skill level 4 in Stealth
  1416 | D:2      | Reached skill level 5 in Summonings
  1416 | D:2      | Reached XP level 4. HP: 22/24 MP: 5/9
  1416 | D:2      | Reached XP level 5. HP: 26/28 MP: 5/10
  1416 | D:2      | Reached XP level 6. HP: 30/33 MP: 5/11
  1655 | D:2      | Found a faded altar of an unknown god.
  2523 | D:3      | You fall into a shaft and drop 1 floor!
  2583 | D:4      | Found an iron altar of Okawaru.
  2629 | D:4      | Reached skill level 1 in Fighting
  2629 | D:4      | Reached XP level 7. HP: 34/38 MP: 8/13
  2724 | D:4      | Reached skill level 5 in Stealth
  3067 | D:4      | Noticed Blork the orc
  3077 | D:4      | Killed Blork the orc
  3548 | D:3      | Found an ancient bone altar of Kikubaaqudgha.
  3794 | D:3      | Found a basalt altar of Yredelemnul.
  3797 | D:3      | Noticed a profane servitor
  3799 | D:3      | Became a worshipper of Yredelemnul the Dark
  3810 | D:3      | Found a glowing golden altar of the Shining One.
  3813 | D:3      | Noticed an angel
  3979 | D:3      | Found a snail-covered altar of Cheibriados.
  4101 | D:3      | Reached * piety under Yredelemnul
  4314 | D:3      | Reached XP level 8. HP: 43/44 MP: 11/14
  4711 | D:4      | Learned a level 3 spell: Summon Guardian Golem
  4716 | D:4      | Learned a level 4 spell: Summon Lightning Spire
  4904 | D:5      | Entered Level 5 of the Dungeon
  4925 | D:5      | Reached skill level 6 in Stealth
  4967 | D:5      | Reached skill level 7 in Stealth
  5520 | D:5      | Found a transporter.
  5533 | D:5      | Found a transporter.
  5571 | D:5      | Reached ** piety under Yredelemnul
  5855 | D:5      | Noticed beryleye's ghost (novice MiFi)
  6074 | D:5      | Found Ukiukhyt's Vocational Training.
  6348 | D:6      | Slain by a sky beast

Illustrated notes

Levels and vault maps discovered:
D:1:      amcnicky_arrival_gap_in_the_tavern_cellar, layout_basic
D:2:      cheibrodos_fertilizer, layout_basic,
          shapermc_ecumenical_altar_mp_highgroup, serial_shops,
          nicolae_shop_behind_doors, st_stairs_14, uniq_sigmund
D:3:      layout_loops_ring, grunt_temple_overflow_holy_war,
          cheibriados_altar_1, mainiacjoe_overflow_brackets
D:4:      layout_basic, overflow_temple_1_default, uniq_blork_the_orc
D:5:      layout_rooms, gammafunk_ghost_smash, chequers_big_river,
          nicolae_shop_vocational
D:6:      layout_basic, minmay_temple_entry_junction_2,
          hangedman_decor_clover_reticule

Skill      XL: |  1  2  3  4  5  6  7  8 |
---------------+-------------------------+-----
Short Blades   | 1 2 3 4 |  4.8
Dodging        | 3 |  3.8
Stealth        | 4 5 7 |  7.7
Spellcasting   | 3 4 |  4.8
Summonings     | 5 6 |  6.3
Fighting       | 1 |  1.9

Action                   |  1- 3 |  4- 6 |  7- 9 || total
-------------------------+-------+-------+-------++-------
Melee: Dagger            |    41 |    43 |   139 ||   223
       Punch             |       |       |     2 ||     2
 Cast: Summon Small Mamm |    15 |     1 |     2 ||    18
       Call Imp          |    10 |     2 |     1 ||    13
       Call Canine Famil |       |    10 |    13 ||    23
       Summon Guardian G |       |       |     3 ||     3
  Use: Scroll            |     2 |     3 |     4 ||     9
 Stab: Sleeping          |     7 |    10 |    23 ||    40
       Distracted        |       |       |     2 ||     2
Armor: Robe              |     9 |     7 |    13 ||    29
Dodge: Dodged            |    50 |    25 |    56 ||   131

Table legend: (Time is in decaauts)
 A = Elapsed time spent in this place.
 B = Non-inter-level travel time spent in this place.
 C = Inter-level travel time spent in this place.
 D = Time resting spent in this place.
 E = Time spent auto-exploring this place.
 F = Levels seen in this place.
 G = Mean time per level.
                   A        B        C        D        E       F      G
               +--------+--------+--------+--------+--------+-----+--------+
         Total |   6331 |   6217 |    114 |   1098 |   2576 |   6 | 1055.2 |
       Dungeon |   6331 |   6217 |    114 |   1098 |   2576 |   6 | 1055.2 |
               +--------+--------+--------+--------+--------+-----+--------+

Top non-repeatable levels by time:
     D:5: 1369 daAuts
     D:4: 1359 daAuts
     D:1: 1253 daAuts
     D:3: 1198 daAuts
     D:2: 1076 daAuts
     D:6: 75 daAuts
